 Dungeon Crawl Stone Soup version 0.17-a0-2217-ga280b8d (webtiles) character file.

3924 Ordine the Cleaver (level 10, -17/92 HPs)
             Began as a Deep Dwarf Fighter on Oct 28, 2015.
             Killed from afar by a gargoyle (28 damage)
             ... with a stone arrow
             ... on level 10 of the Dungeon.
             The game lasted 00:27:16 (6700 turns).

Ordine the Cleaver (Deep Dwarf Fighter)             Turns: 6700, Time: 00:27:16

Health: -17/92     AC: 12    Str: 25    XL:     10   Next: 1%
Magic:  5/5        EV:  3    Int:  9    God:
Gold:   317        SH:  8    Dex: 12    Spells: 0 memorised, 9 levels left

rFire  + + +     SeeInvis +     A - +0 flail (drain)
rCold  + . .     Clarity  +     j - +1 plate armour
rNeg   . . .     SustAt   .     r - +0 shield of Melancholy {rPois rF++ rC+ Str+2}
rPois  +         Gourm    .     (no helmet)
rElec  .         Spirit   .     (no cloak)
rCorr  .         Warding  .     (no gloves)
rMut   .         Stasis   .     n - +0 pair of boots
MR     +....                    o - amulet "Wezxu" {Clar SInv}
Stlth  ..........               (no ring)
                                s - ring of protection from fire

@: non-regenerating, very heavily drained, somewhat resistant to hostile
enchantments, extremely unstealthy
A: damage resistance, recharge devices, sense surroundings 2, slow regeneration
3
a: Device Recharging


You were on level 10 of the Dungeon.
You were not hungry.

You visited 2 branches of the dungeon, and saw 10 of its levels.

You collected 317 gold pieces.

Inventory:

Hand Weapons
 z - the +8 falchion of the Genius {antimagic, rElec rN+ Dex+3}
   (You found it on level 8 of the Dungeon)

   It disrupts the flow of magical energy around spellcasters and certain
   magical creatures (including the wielder).
   It affects your dexterity (+3).
   It insulates you from electricity.
   It protects you from negative energy.
 A - a +0 flail of draining (weapon)
Armour
 j - a +1 plate armour (worn)
 n - a +0 pair of boots (worn)
 r - the +0 shield of Melancholy (worn) {rPois rF++ rC+ Str+2}
   (You found it on level 6 of the Dungeon)

   It affects your strength (+2).
   It greatly protects you from fire.
   It protects you from cold.
   It protects you from poison.
Jewellery
 o - the amulet "Wezxu" (around neck) {Clar SInv}
   (You took it off an orc warrior on level 6 of the Dungeon)

   [amulet of clarity]

   It provides mental clarity.
   It lets you see invisible.
 s - a ring of protection from fire (left hand)
Wands
 e - a wand of heal wounds (1)
 t - a wand of cold (9)
Scrolls
 a - a scroll of blinking
 h - 2 scrolls of teleportation
 m - 2 scrolls of identify
 p - a scroll of remove curse
 y - a scroll of magic mapping
Potions
 c - 2 potions of invisibility
 d - a potion of might
 i - 4 potions of flight
 u - a potion of curing
 w - a potion of lignification
Books
 l - a Necronomicon

   Spells                             Type                      Level
   a - Haunt                          Necromancy/Summoning         7
   b - Borgnjor's Revivification      Necromancy                   8
   c - Death's Door                   Charms/Necromancy            8
   d - Necromutation                  Transmutation/Necromancy     8
Comestibles
 b - a royal jelly
 f - 4 bread rations
 g - 2 slices of pizza
 k - 4 beef jerkies
 q - a meat ration
 v - 5 fruits
 x - 2 chunks of flesh


   Skills:
 + Level 6.4(0.0) Fighting
   Level 12.0(3.4) Axes
 * Level 5.3(0.7) Maces & Flails
 + Level 5.4(0.0) Armour
 - Level 3.2(0.0) Shields


You had 9 spell levels left.
You didn't know any spells.

Dungeon Overview and Level Annotations

Branches:
Dungeon (10/15)            Temple (1/1) D:5
   Lair: D:8-11         Orc: D:9-12

Altars:
Ashenzari
Cheibriados
Dithmenos
Elyvilon
Fedhas
Gozag
Kikubaaqudgha
Nemelex Xobeh
Okawaru
Qazlal
Ru
Sif Muna
Trog
Vehumet
Xom
Yredelemnul
Zin
The Shining One


Innate Abilities, Weirdness & Mutations

You are resistant to damage.
You can recharge devices by infusing magical energy.
You passively map the area around you.
You do not regenerate naturally.


Message History

There is an open door here.
As you open the door, it creaks loudly!
Some of the chunks of flesh in your inventory have rotted away.
There is an open door here.
You fall through a shaft for 2 floors!
The shaft crumbles and collapses.
Unknown command.
A gargoyle comes into view. It is wielding a flail.
Found a stone staircase leading down.
Found a meat ration.
The gargoyle hurls a stone arrow at you.
The stone arrow hits you!
The gargoyle hits you but does no damage.
The gargoyle hits you with a flail!
* * * LOW HITPOINT WARNING * * *
The gargoyle hurls a stone arrow at you.
The stone arrow hits you!
The gargoyle hurls a stone arrow at you.
The stone arrow hits you!
You die...

, * #....##...# * * ,
#... #....##...# ,, #...
#....##...# * , #...
#....##...# * , #(..
#....##...# , #.<.*
#....##...# * ####...*
#....##...# * *
,.......####....##...####
.......@................
, ,
..........9.............
, ,
,......%>................
########################
* *** * * ** , ,, , , , ,
, , ,, ,, , , , , ,,


You could see a gargoyle.

Vanquished Creatures
  Grinder (D:6)
  2 wyverns (D:8)
  A hippogriff (D:7)
  An ice beast (D:6)
  A water moccasin (D:8)
  2 sky beasts
  2 orc warriors
  A phantom (D:8)
  7 ogres
  2 centaurs (D:6)
  A big kobold (D:7)
  4 giant frogs
  A gnoll sergeant (D:5)
  A scorpion (D:7)
  3 crimson imps
  A centaur zombie (D:6)
  4 iguanas
  A giant frog zombie (D:6)
  7 orc priests
  A jelly (D:5)
  5 hounds
  12 orc wizards
  7 worker ants
  A hound skeleton (D:4)
  A worker ant zombie (D:5)
  11 gnolls
  4 adders
  A shadow imp (D:8)
  An adder skeleton (D:4)
  An ooze (D:1)
  30 orcs
  A ball python (D:6)
  4 giant cockroaches
  2 goblins (D:2)
  5 hobgoblins
  8 jackals
  4 quokkas
  3 bats
  2 giant geckos
  5 giant newts
  15 kobolds
  3 rats
170 creatures vanquished.

Vanquished Creatures (others)
  An orc wizard (D:5)
1 creature vanquished.

Grand Total: 171 creatures vanquished

Notes
Turn   | Place    | Note
--------------------------------------------------------------
     0 | D:1      | Ordine the Deep Dwarf Fighter began the quest for the Orb.
     0 | D:1      | Reached XP level 1. HP: 20/20 MP: 1/1
   303 | D:1      | Reached XP level 2. HP: 25/27 MP: 2/2
  1006 | D:2      | Found a deep blue altar of Sif Muna.
  1145 | D:2      | Reached XP level 3. HP: 31/33 MP: 3/3
  1228 | D:2      | Reached skill level 4 in Axes
  2241 | D:3      | Gained mutation: You have a pair of small horns on your head. [potion of mutation]
  2241 | D:3      | Gained mutation: Your body sometimes deteriorates upon taking damage. [potion of mutation]
  2241 | D:3      | Gained mutation: Your magical capacity is low (-10% MP). [potion of mutation]
  2253 | D:3      | Reached XP level 4. HP: 30/40 MP: 3/3
  2448 | D:4      | Noticed an ogre
  2459 | D:3      | HP: 2/40 [ogre/giant club (19)]
  2464 | D:3      | Killed an ogre
  2464 | D:3      | Reached skill level 5 in Axes
  2464 | D:3      | Reached XP level 5. HP: 26/46 MP: 4/4
  2479 | D:4      | Reached skill level 6 in Axes
  2850 | D:4      | Reached skill level 7 in Axes
  2850 | D:4      | Reached XP level 6. HP: 55/55 MP: 4/4
  2931 | D:4      | Noticed an ogre
  2939 | D:4      | Killed an ogre
  2939 | D:4      | Reached skill level 8 in Axes
  2974 | D:4      | Reached XP level 7. HP: 15/61 MP: 5/5
  3308 | D:5      | Entered Level 5 of the Dungeon
  3348 | D:5      | Reached skill level 9 in Axes
  3609 | D:5      | Reached skill level 10 in Axes
  3749 | D:5      | Found a snail-covered altar of Cheibriados.
  3833 | D:5      | Reached XP level 8. HP: 31/68 MP: 5/5
  3905 | D:5      | HP: 3/68 [ogre/giant spiked club (13)]
  3915 | D:5      | Found a staircase to the Ecumenical Temple.
  3922 | Temple   | Entered the Ecumenical Temple
  4227 | D:5      | Reached skill level 11 in Axes
  4427 | D:6      | Got a twitching tin amulet
  4480 | D:6      | Noticed Grinder
  4483 | D:6      | Identified the amulet "Wezxu" {Clar SInv} (You took it off an orc warrior on level 6 of the Dungeon)
  4486 | D:6      | Paralysed by Grinder for 6 turns
  4501 | D:6      | Paralysed by Grinder for 3 turns
  4505 | D:6      | Killed Grinder
  4785 | D:6      | Got a fine shield
  4791 | D:6      | Identified the cursed +0 shield of Melancholy {rPois rF++ rC+ Str+2} (You found it on level 6 of the Dungeon)
  4811 | D:6      | Gained mutation: You passively map the area around you. [Deep Dwarf growth]
  4811 | D:6      | Reached XP level 9. HP: 5/80 MP: 4/4
  4876 | D:6      | Reached skill level 5 in Fighting
  5253 | D:7      | Reached skill level 12 in Axes
  5356 | D:7      | Reached skill level 1 in Maces & Flails
  5424 | D:7      | Lost mutation: Your body sometimes deteriorates upon taking damage. [potion of cure mutation]
  5424 | D:7      | Lost mutation: Your magical capacity is low (-10% MP). [potion of cure mutation]
  5424 | D:7      | Lost mutation: You have a pair of small horns on your head. [potion of cure mutation]
  6198 | D:8      | Reached skill level 5 in Armour
  6273 | D:8      | Found a stormy altar of Qazlal.
  6394 | D:8      | Found an iron altar of Okawaru.
  6400 | D:8      | Reached skill level 5 in Maces & Flails
  6438 | D:8      | Got a crude falchion
  6439 | D:8      | Identified the +8 falchion of the Genius {antimagic, rElec rN+ Dex+3} (You found it on level 8 of the Dungeon)
  6476 | D:8      | Reached XP level 10. HP: 50/92 MP: 3/5
  6685 | D:8      | You fall through a shaft for 2 floors!
  6685 | D:10     | Entered Level 10 of the Dungeon
  6700 | D:10     | Killed from afar by a gargoyle

Vault maps used:
D:1:      roderic_octagonal_star
D:2:      minmay_kobold_bridge, led_sif_pool
D:4:      first_bread
D:5:      temple_statues, basic_altar, hex_intersection, minmay_liquid_box
D:6:      uniq_grinder
D:8:      nicolae_qazlal_eye_of_the_storm, basic_altar, serial_shops,
          nicolae_shop_temple_entry_statues_fountains, uniq_erica
D:10:     serial_shops, nicolae_shop_temple_entry_statues_fountains
Temple:   lightli_temple_of_artemis

Action                   |  1- 3 |  4- 6 |  7- 9 | 10-12 || total
-------------------------+-------+-------+-------+-------++-------
Melee: War axe           |   122 |   116 |   230 |       ||   468
       Flail             |       |       |   279 |    41 ||   320
       Falchion          |       |       |     9 |       ||     9
 Abil: Device Recharging |       |     1 |     4 |       ||     5
Evoke: Wand              |     1 |     8 |    22 |       ||    31
  Use: Scroll            |     5 |       |    14 |     1 ||    20
       Potion            |     1 |       |     1 |       ||     2
  Eat: Chunk             |     3 |     4 |    12 |     1 ||    20
